 Dungeon Crawl Stone Soup version 0.31.0-11-ge490571c62 (webtiles) character file.

Game seed: 710824626918226829

69 qw the Shooter (level 4, 0/22 HPs)
             Began as a Spriggan Hunter on Feb 4, 2024.
             Slain by an adder (1 damage)
             ... on level 2 of the Dungeon.
             The game lasted 00:00:03 (1184 turns).

qw the Shooter (Spriggan Hunter)                    Turns: 1184, Time: 00:00:04

Health: 0/22       AC:  2    Str: 13    XL:     4   Next: 2%
Magic:  5/5        EV: 19    Int: 10    God:
Gold:   72         SH:  0    Dex: 20    Spells: 3/3 levels left

rFire   . . .        a - +0 shortbow
rCold   . . .        (shield currently unavailable)
rNeg    . . .        c - +0 robe
rPois   .            (helmet restricted)
rElec   .            (no cloak)
rCorr   .            (gloves unavailable)
SInv    +            (boots unavailable)
Will    .....        (no amulet)
Stlth   ++           e - +6 ring of strength
HPRegen 0.23/turn    (no ring)
MPRegen 0.09/turn

%: no passive effects
@: very quick
A: very small, no large weapons, unfitting armour, see invisible, speed 3
a: no special abilities


You were on level 2 of the Dungeon.
You visited 1 branch of the dungeon, and saw 2 of its levels.

You collected 72 gold pieces.


Innate Abilities, Weirdness & Mutations

You are very small and have problems with some larger weapons.
You are too small for most types of armour.
You have supernaturally acute eyesight. (SInv)
You cover ground extremely quickly. (Speed+++)


   Skills:
 - Level 1.5 Fighting
 - Level 5.0 Ranged Weapons
 + Level 4.2 Dodging
 - Level 1.5 Stealth


You had 3 spell levels left.
You didn't know any spells.
Your spell library was empty.

Inventory:

Hand Weapons
 a - a +0 shortbow (weapon)
Armour
 c - a +0 robe (worn)
Jewellery
 e - a +6 ring of strength (left hand)
Scrolls
 f - 3 scrolls of identify
Potions
 b - a potion of heal wounds {unknown}
 d - a potion of haste {unknown}

Dungeon Overview and Level Annotations

Branches:
Dungeon (2/15)

Altars:


Message History

The adder is heavily wounded.
The adder bites you.
You are poisoned.
The adder poisons you! The adder misses you.
You shoot an arrow. The arrow hits the adder.
The adder is severely wounded.
You feel sick. The adder closely misses you.
You shoot an arrow.
The arrow hits the adder but does no damage.
The adder is severely wounded.
You feel sick. The adder misses you. x2
You shoot an arrow. The arrow hits the adder!
You kill the adder!
You feel sick.
You are no longer poisoned.
The adder bites you.
You are poisoned.
The adder poisons you!
You have reached level 4!
You shoot an arrow. The arrow barely misses the adder.
The arrow barely misses the hobgoblin.
You feel sick. The adder closely misses you.
You shoot an arrow.
The arrow hits the adder but does no damage.
You feel sick. The adder misses you. x2
You shoot an arrow. The arrow misses the adder.
The arrow closely misses the hobgoblin.
You feel sick. The adder barely misses you.
You shoot an arrow. The arrow misses the adder.
The arrow hits the hobgoblin!
You kill the hobgoblin!
You feel sick. The adder bites you but does no damage.
You shoot an arrow.
The arrow hits the adder but does no damage.
You feel sick.
You are no longer poisoned.
The adder bites you. x2
You shoot an arrow. The arrow hits the adder.
The adder is moderately wounded.
The adder bites you. x2
You die...

#........#.....#####
# #.#..........## #.
#.....###..## ..
##.#.#### #..#
#.#.#.##.# #..#
#........######..#
..................
.#..###.######.....
.. #@# ..... #S#
#.%...+ ....####
#....## #.?## #..#
.... ###


You could see an adder.

Vanquished Creatures
  2 adders (D:2)
  A dart slug (D:1)
  A ribbon worm (D:2)
  8 ball pythons
  3 bats (D:1)
  6 endoplasms
  3 giant cockroaches
  4 goblins
  3 hobgoblins
  2 jackals (D:1)
  2 quokkas
  2 frilled lizards (D:1)
  2 kobolds (D:1)
  3 rats
42 creatures vanquished.

Notes
Turn   | Place    | Note
-------+----------+-------------------------------------------
     0 | D:1      | qw the Spriggan Hunter began the quest for the Orb.
     0 | D:1      | Reached XP level 1. HP: 10/10 MP: 2/2
     0 | D:1      | 0 ||| qw: Version: 0.3-a-160-g6735b56
     0 | D:1      | 0 ||| qw: Game counter: 4782
     0 | D:1      | 0 ||| qw: Melee chars always use a shield: true
     0 | D:1      | 0 ||| qw: God list: Okawaru
     0 | D:1      | 0 ||| qw: Allow faded altars: false
     0 | D:1      | 0 ||| qw: Do Orc after clearing Dungeon:15 true
     0 | D:1      | 0 ||| qw: Do second Lair branch before Depths: true
     0 | D:1      | 0 ||| qw: Lair rune preference: random
     0 | D:1      | 0 ||| qw: Goals: Normal
     0 | D:1      | 0 ||| PLANNING D:1-11
    34 | D:1      | Reached skill level 3 in Dodging
    53 | D:1      | You fall into a shaft and drop 1 floor!
    65 | D:2      | 65 ||| READING scroll labelled FODIEMI PELE.
    66 | D:2      | 66 ||| DROPPING scroll of butterflies.
    91 | D:1      | Reached XP level 2. HP: 10/14 MP: 3/3
   362 | D:1      | Reached XP level 3. HP: 18/18 MP: 4/4
   611 | D:1      | 611 ||| UPGRADING to +6 ring of strength.
   612 | D:1      | 612 ||| READING scroll labelled WUKHLU VINOV.
  1170 | D:2      | 1170 ||| RETREEEEATING.
  1174 | D:2      | Reached skill level 5 in Ranged Weapons
  1179 | D:2      | Reached XP level 4. HP: 15/22 MP: 5/5
  1183 | D:2      | HP: 3/22 [adder (4)]
  1184 | D:2      | HP: 1/22 [adder (3)]
  1184 | D:2      | Slain by an adder

Levels and vault maps discovered:
D:1:      lightli_arrival_chessboard, layout_loops_ring
D:2:      layout_loops_corners, serial_shops, nicolae_shop_window_shopping,
          minmay_bisected

Skill      XL: |  1  2  3 |
---------------+----------+-----
Dodging        | 3 4 |  4.2
Ranged Weapons | 5 |  5.0
Fighting       | |  1.5
Stealth        | |  1.5

Action                     |  1- 3 |  4- 6 || total
---------------------------+-------+-------++-------
   Fire: Shortbow          |    99 |     6 ||   105
    Use: Scroll            |     2 |       ||     2
 Armour: Robe              |     5 |     5 ||    10
  Dodge: Dodged            |    36 |     4 ||    40

Table legend:
 A = Non-vault XP
 B = Vault XP
 C = Vault XP percentage of total XP
 D = Non-vault monster count
 E = Vault monster count
 F = Vault count percentage of total count
                 A         B        C        D         E       F
            +---------+---------+-------+---------+---------+-------
      Total |      82 |      17 |  17.2 |      39 |       3 |   7.1
            +---------+---------+-------+---------+---------+-------
        D:1 |      48 |       0 |   0.0 |      28 |       0 |   0.0
        D:2 |      34 |      17 |  33.3 |      11 |       3 |  21.4
            +---------+---------+-------+---------+---------+-------
